 BcadrenCrawl: Boulder Brew version 0.05.31-16-g17090fb0d7 (webtiles) character file.

Game seed: 116171547906421745, levelgen mode: deterministic

478 diana the Slasher (level 7, -4/55 HPs) Goblin Demigod. Began on Sept 23, 2021. Slain by an ogre ... wielding a +0 giant club (25 damage) ... on level 2 of the Dungeon. The game lasted 00:07:57 (3156 turns).

diana the Slasher (Goblin Demigod)                  Turns: 3156, Time: 00:07:57

Health: -4/55      AC:  3    Str:  9    XL:     7 ^: 515
Magic:  8/8        EV: 16    Int:  9    God:
Gold:   239        SH:  0    Dex:  9    Spells: 7/8 levels left

rFire    . . .     Vision   .   a - +0 long sword
rCold    . . .     Gourm    .   (weapon restricted)
rNeg     . . .     Faith    .   b - +0 leather armour
rCorr    . . .     Spirit   .   (no helmet)
rPois    .         Reflect  .   (no cloak)
rElec    .         Harm     .   (no gloves)
MR       .....                  (no boots)
Stlth    +.........             (no amulet)
HPRegen  0.28/turn              (no ring)
MPRegen  0.18/turn              (no ring)

@: very slow
A: small, stagnant stats, goblin's greed, high mp 1, low mp 1, mutation
resistance 1, god's pity 2
a: no special abilities


You were on level 2 of the Dungeon.
You were not hungry.

You visited 1 branch of the dungeon, and saw 3 of its levels.

You collected 201 gold pieces.

Inventory:

Weapons
 a - a +0 long sword (weapon)
Armour
 b - a +0 leather armour (worn)
Scrolls
 e - 3 scrolls of enchantment
 g - 3 scrolls of magic mapping
Comestibles
 d - 5 rations
 f - a chunk of flesh


   Skills:
 + Level 4.3 Fighting
 * Level 6.6 Long Blades
 + Level 5.9 Dodging
 - Level 2.6 Stealth
 - Level 1.3 Spellcasting
 - Level 2.6 Fire Magic


You had 7 spell levels left.
You knew the following spells:

 Your Spells              Type           Power        Failure   Level  Hunger
a - Flame Tongue          Fire           5 (30)       14%         1    28-48

Your spell library contained the following spells:

 Spells                   Type           Power        Failure   Level  Hunger
 Slow Hex 0 (100) 38% 1 28-48 Conjure Flame Fire 5 (100) 38% 3 108-168 Blink Tloc N/A 52% 2 68-108 Call Imp Summ 0 (100) 52% 2 68-108 Mephitic Cloud Pois/Air       0 (100)      77%         3    108-168


Dungeon Overview and Level Annotations

Branches:
Dungeon (3/8)


Innate Abilities, Weirdness & Mutations

Your stats never grow through leveling.
You are small and have problems with some larger weapons.
Your goblin ancestry allows you to find more gold. (+20 %)
You have an increased reservoir of magic. (+15% MP)
Your magical capacity is low. (-15% MP)
You are somewhat resistant to further mutation.
The pity of the gods increases the power of your passive and invoked divine abilities.


Message History

You hit the worker ant (1).
The worker ant is severely wounded. (4/16) HP You feel sick. (1)
The worker ant closely misses you (0).
You riposte.
You hit the worker ant but do no damage.
You hit the worker ant but do no damage.
You hit the worker ant (1).
The worker ant is almost dead. (3/16) HP
* * * LOW HITPOINT WARNING * * *
You feel sick. (2)
The worker ant barely misses you (0).
You riposte.
You hit the worker ant (2).
You feel better.
The worker ant bites you but does no damage.
You hit the worker ant (3).
You kill the worker ant!
There is an open door here.
You enter the shallow water.
Moving in this stuff is going to be slow.
The ogre hits you with a +0 giant club (25)!!
You die...

≈......#≈≈≈≈≈≈#≈≈##.......#...≈≈≈
≈......#≈≈≈≈≈≈#####......≈#≈≈≈≈≈≈
........≈≈≈≈≈≈##.≈##≈.....#≈≈≈≈≈≈
##....≈#≈≈≈≈≈≈....≈###...≈#.≈≈≈≈;
.###.###≈≈≈≈≈≈..≈≈.≈#....#≈..≈≈PP
.≈≈#####.......######.......≈≈P≈≈
.....≈.#.≈.≈≈..#♣≈≈♣##'##...≈≈≈P≈
.......†PP.≈≈..O≈♣♣#♣≈P##≈.....≈P
.......#.[..≈..#@♣#♣≈♣♣≈#...≈≈..≈
......≈..≈≈.≈.##♣≈♣≈♣#♣P#...PP≈P≈
....≈≈##.≈≈≈..#♣#♣≈≈≈♣#♣#≈#.≈≈≈≈≈
.....###.≈≈≈≈.#≈♣#♣≈♣≈♣##≈#.≈≈≈≈≈
##≈..#≈..≈≈≈≈.#≈♣♣≈♣#♣≈#......≈≈.
≈#####≈≈.≈≈≈≈≈##P≈♣#♣♣≈'..#.≈....
..##≈≈.#..≈≈≈≈##'##♣≈≈##.≈..≈≈≈.≈
#≈≈.≈.≈≈.≈≈≈≈.....######..#.≈≈≈.≈
#.....##PP≈≈≈...≈.#≈≈....##.≈≈..≈


You could see an ogre.

Vanquished Creatures
  A big kobold (D:1)
  2 jellies (D:2)
  A hound (D:2)
  2 worker ants (D:2)
  5 giant cockroaches
  3 adders (D:2)
  10 sewer rats (D:2)
  5 cinder newts
  A worm (D:2)
  An ooze (D:2)
  A dart slug (D:1)
  A leopard gecko (D:2)
  4 ball pythons
  3 hobgoblins (D:1)
  2 bats (D:1)
  A bat skeleton (D:2)
  2 goblins (D:1)
  2 hobgoblin skeletons (D:2)
  11 kobolds
  A kobold skeleton (D:2)
  A rat (D:1)
  A withered plant (D:2)
61 creatures vanquished.

Vanquished Creatures (others)
  A kobold skeleton (D:2)
  84 withered plants (D:2)
85 creatures vanquished.

Grand Total: 146 creatures vanquished

Notes
Turn   | Place    | Note
-------+----------+-------------------------------------------
     0 | D:1      | diana the Goblin Demigod began the quest for the Orb.
     0 | D:1      | Reached XP level 1. HP: 15/15 MP: 1/1
     8 | D:1      | Reached skill level 3 in Long Blades
     8 | D:1      | Reached XP level 2. HP: 22/22 MP: 3/3
    71 | D:1      | Reached XP level 3. HP: 27/27 MP: 4/4
   214 | D:1      | Reached skill level 4 in Long Blades
   522 | D:1      | Reached XP level 4. HP: 33/34 MP: 5/5
   744 | D:2      | Reached XP level 5. HP: 22/41 MP: 6/6
   888 | D:2      | Reached skill level 5 in Long Blades
   888 | D:2      | Reached skill level 5 in Dodging
  1121 | D:2      | Found a white marble altar of Elyvilon.
  1534 | D:1      | Reached XP level 6. HP: 9/48 MP: 7/7
  2025 | D:2      | Reached skill level 6 in Long Blades
  2589 | D:3      | HP: 2/48 [ogre/+0 giant club (14)]
  2689 | D:2      | Reached XP level 7. HP: 22/54 MP: 8/8
  3156 | D:2      | Slain by an ogre

Levels and vault maps discovered:
D:1:      dpeg_arrival_boxorama, layout_cave_pools, serial_forest,
          infiniplex_forest_lined_corner, infiniplex_forest_end_1,
          infiniplex_forest_end_3, infiniplex_forest_join,
          infiniplex_forest_clump_cross
D:2:      layout_sewer, first_ration, basic_altar, saegor_snake_ambush
D:3:      layout_basic, nicolae_overflow_hidden_temple, kennysheep_little_box,
          uniq_ijyb

Skill      XL: |  1  2  3  4  5  6 |
---------------+-------------------+-----
Long Blades    | 3 4 5 6 |  6.6
Fighting       | 2 3 4 |  4.3
Dodging        | 5 |  5.9
Stealth        | |  2.6
Spellcasting   | |  1.3
Fire Magic     | |  2.6

Action                   |  1- 3 |  4- 6 |  7- 9 || total
-------------------------+-------+-------+-------++-------
Melee: Long sword        |    50 |   448 |    35 ||   533
       Unarmed           |    33 |   423 |    32 ||   488
  Use: Potion            |       |     1 |     1 ||     2
 Stab: Sleeping          |     2 |     3 |       ||     5
  Eat: Chunk             |       |     7 |     4 ||    11
Armor: Leather armour    |    14 |   123 |     6 ||   143
Dodge: Dodged            |    51 |   509 |    53 ||   613
       Rpst.: Long sword |    14 |   173 |    17 ||   204
